 Dungeon Crawl Stone Soup version 0.23.1 (webtiles) character file.

Game seed: 0

13731 sanboga the Cleaver (level 12, -9/120 HPs)
             Began as a Gargoyle Berserker on Mar 11, 2019.
             Was a High Priest of Trog.
             Mangled by Snorg (15 damage)
             ... on level 11 of the Dungeon.
             The game lasted 00:17:01 (8496 turns).

sanboga the Cleaver (Gargoyle Berserker)            Turns: 8496, Time: 00:17:01

Health: -9/120     AC: 33    Str: 30    XL:     12   Next: 9%
Magic:  0/12       EV:  8    Int:  9    God:    Trog [*****.]
Gold:   717        SH:  0    Dex: 12    Spells: 11/11 levels left

rFire    + . .     SeeInvis +   C - +0 broad axe of Moral Flaws {freeze, rF+ Stlth+}
rCold    . . .     Gourm    .   (no shield)
rNeg     + . .     Faith    .   e - +1 plate armour
rPois    ∞         Spirit   +   h - +0 helmet
rElec    +         Reflect  .   i - +2 cloak
rCorr    .         Harm     .   r - +0 pair of fencer's gloves {Riposte Dex+3}
MR       .....                  (no boots)
Stlth    ..........             o - amulet of guardian spirit
HPRegen  0.30/turn              d - ring of see invisible
MPRegen  0.13/turn              j - +2 ring of protection

@: berserking, very quick
A: negative energy resistance 1, electricity resistance, unbreathing,
petrification resistance, rot immunity, AC +8
a: Berserk, Trog's Hand, Brothers in Arms, Renounce Religion


You were on level 11 of the Dungeon.
You worshipped Trog.
Trog was extremely pleased with you.
You were hungry.

You visited 1 branch of the dungeon, and saw 11 of its levels.

You collected 717 gold pieces.

Inventory:

Hand Weapons
 w - a +0 battleaxe
 C - the +0 broad axe of Moral Flaws (weapon) {freeze, rF+ Stlth+}
   (Trog gifted it to you on level 8 of the Dungeon)

   It has been specially enchanted to freeze those struck by it, causing extra
   injury to most foes and up to half again as much damage against particularly
   susceptible opponents.
   It can also slow down cold-blooded creatures.
   It protects you from fire.
   It makes you more stealthy.
Armour
 e - a +1 plate armour (worn)
 h - a +0 helmet (worn)
 i - a +2 cloak (worn)
 r - the +0 pair of fencer's gloves (worn) {Riposte Dex+3}
   (You acquired it on level 10 of the Dungeon)

   It affects your dexterity (+3).
Jewellery
 d - a ring of see invisible (left hand)
 j - a +2 ring of protection (right hand)
 o - an amulet of guardian spirit (around neck)
Wands
 a - a wand of digging (3)
 f - a wand of flame (25)
 q - a wand of polymorph (19)
 z - a wand of acid (12)
 A - a wand of enslavement (3)
Scrolls
 n - 4 scrolls of remove curse
 p - a scroll of enchant armour
 s - 2 scrolls of teleportation
 v - a scroll of enchant weapon
 x - 2 scrolls of fog
 y - a scroll of identify
Potions
 b - 2 potions of heal wounds
 g - a potion of might
 k - 4 potions of mutation
 l - 2 potions of ambrosia
 m - 2 potions of cancellation
 t - 2 potions of flight
 u - 2 potions of curing
 B - 3 potions of resistance
 E - a potion of haste
Comestibles
 c - 16 rations
 D - 17 chunks of flesh


   Skills:
 + Level 11.0 Fighting
 * Level 12.5 Axes
 + Level 10.7 Armour
 - Level 1.5 Dodging


You had 11 spell levels left.
You didn't know any spells.
Your spell library was empty.

Dungeon Overview and Level Annotations

Branches:
Dungeon (11/15)            Temple (0/1) D:5            Lair (0/6) D:11
    Orc (0/2) D:9

Altars:
Dithmenos
Gozag
Kikubaaqudgha
Makhleb
Nemelex Xobeh
Okawaru
Uskayaw
Vehumet
The Shining One

Shops:
D:11 (

Annotations:
D:10 2 transporters
D:11 Snorg


Innate Abilities, Weirdness & Mutations

You are resistant to torment.
Your stone body is resilient. (AC +8)
You are immune to poison.
You resist negative energy. (rN+)
You are resistant to electric shocks. (rElec)
You can survive without breathing.
You are immune to petrification.
You are immune to rotting.


Message History

Snorg is moderately wounded.
Snorg bites you but does no damage. Snorg claws you but does no damage. x2
You barely miss Snorg.
Snorg is moderately wounded.
Snorg bites you!!
* * * LOW HITPOINT WARNING * * *
Snorg claws you.
* * * LOW HITPOINT WARNING * * *
Snorg claws you but does no damage.
You barely miss Snorg.
Snorg is moderately wounded.
Snorg bites you!
* * * LOW HITPOINT WARNING * * *
Snorg barely misses you. Snorg claws you but does no damage.
You closely miss Snorg.
Snorg is moderately wounded.
Snorg bites you!
* * * LOW HITPOINT WARNING * * *
Snorg claws you!
You die...

##...#####...≈≈≈...# ...
#...#####..≈≈≈≈≈.## ...
####.......≈≈≈≈..P. ....
####.####.......P..
.....#......÷.....#.....
.....#....%#...##.#..♣..
...J.......#...# ... ♣ .
...........#...# ......♣
#.≈..T@.†###### ...PPP
...≈......# ...
............. .P
.#............≈ .♣
...............≈ ..
.............≈≈. ..
........$.#....≈ ..
..####.#####.... .. ..


You could see Snorg (berserk) and a jelly.

Vanquished Creatures
  Gastronok (D:8)
  Erica (D:7)
  An unseen horror (D:10)
  Pikel (D:5)
  Joseph (D:7)
  A kobold demonologist (D:8)
  A komodo dragon (D:10)
  Grinder (D:5)
  2 trolls
  A hippogriff (D:7)
  A vampire (D:9)
  2 basilisks (D:11)
  8 yaks (D:11)
  A wraith (D:11)
  A hungry ghost (D:7)
  Edmund (D:6)
  2 soldier ants
  3 porcupines
  A water moccasin (D:6)
  3 sky beasts
  Duvessa (D:7)
  A black bear (D:6)
  An ice beast (D:6)
  4 slaves (D:5)
  4 ogres
  3 orc warriors
  7 centaurs
  3 crocodiles
  15 big kobolds
  7 bullfrogs
  A gnoll sergeant (D:10)
  Dowan (D:7)
  4 scorpions
  A water moccasin zombie (D:10)
  5 killer bees (D:10)
  4 wights (D:7)
  4 howler monkeys
  6 crimson imps
  3 centaur zombies
  The ghost of Marusbir the Caller, a weakling DESu (D:3)
  2 orc priests (D:8)
  5 hounds
  A quasit (D:6)
  Crazy Yiuf (D:2)
  2 centaur skeletons
  4 orc wizards (D:8)
  4 jellies
  5 iguanas
  Terence (D:3)
  5 worker ants
  2 killer bee zombies
  Robin (D:2)
  A worker ant zombie (D:9)
  A hound skeleton (D:9)
  A howler monkey zombie (D:11)
  8 gnolls
  12 adders
  4 shadow imps
  2 adder zombies (D:5)
  2 adder skeletons
  3 worms (D:2)
  2 dart slugs
  5 leopard geckos
  18 orcs
  4 giant cockroaches
  21 goblins
  10 hobgoblins
  14 jackals
  3 quokkas
  3 ball pythons
  5 bats
  8 frilled lizards
  24 kobolds
  A quokka zombie (D:6)
  9 rats
304 creatures vanquished.

Vanquished Creatures (others)
  An orc wizard (D:8)
  A plant (D:3)
2 creatures vanquished.

Grand Total: 306 creatures vanquished

Notes
Turn   | Place    | Note
-------+----------+-------------------------------------------
     0 | D:1      | sanboga the Gargoyle Berserker began the quest for the Orb.
     0 | D:1      | Reached XP level 1. HP: 14/14 MP: 1/1
    92 | D:1      | Reached XP level 2. HP: 19/19 MP: 2/2
    95 | D:1      | Reached skill level 3 in Axes
   147 | D:1      | Reached XP level 3. HP: 23/23 MP: 3/3
   596 | D:1      | Reached ** piety under Trog
   840 | D:2      | Noticed Robin
   847 | D:2      | Reached XP level 4. HP: 28/29 MP: 4/4
   864 | D:2      | Killed Robin
  1180 | D:2      | Reached skill level 4 in Axes
  1189 | D:2      | Reached XP level 5. HP: 28/33 MP: 5/5
  1572 | D:2      | Found a runed translucent door.
  1573 | D:2      | Noticed Crazy Yiuf
  1685 | D:2      | Killed Crazy Yiuf
  1899 | D:3      | Reached *** piety under Trog
  2001 | D:3      | Found a runed translucent gate.
  2001 | D:3      | Found a runed translucent gate.
  2040 | D:3      | Noticed a big kobold
  2041 | D:3      | Identified the cursed +2 whip of the Desolation of Salt
                  | {chaos, +Rage}
  2043 | D:3      | Found a runed translucent gate.
  2049 | D:3      | Noticed Marusbir's ghost (weakling DESu)
  2060 | D:3      | Killed Marusbir's ghost
  2060 | D:3      | Reached XP level 6. HP: 39/39 MP: 6/6
  2225 | D:3      | Noticed Terence
  2242 | D:3      | Killed Terence
  2762 | D:4      | Reached skill level 5 in Axes
  2896 | D:4      | Found a burning altar of Makhleb.
  2970 | D:4      | Reached skill level 5 in Fighting
  2992 | D:4      | Reached XP level 7. HP: 44/44 MP: 7/7
  3431 | D:5      | Entered Level 5 of the Dungeon
  3535 | D:5      | Reached **** piety under Trog
  3611 | D:5      | Found a staircase to the Ecumenical Temple.
  3651 | D:5      | Noticed Grinder
  3669 | D:5      | Paralysed by Grinder for 3 turns
  3684 | D:5      | Killed Grinder
  3684 | D:5      | Reached skill level 6 in Axes
  3684 | D:5      | Reached skill level 5 in Armour
  3691 | D:5      | Found an ancient bone altar of Kikubaaqudgha.
  3824 | D:5      | Reached XP level 8. HP: 48/51 MP: 8/8
  3858 | D:5      | Found a glowing golden altar of the Shining One.
  3878 | D:5      | Noticed Pikel
  3965 | D:5      | Killed Pikel
  3965 | D:5      | Reached skill level 7 in Axes
  4301 | D:5      | Noticed Ijyb
  4324 | D:5      | Noticed Ijyb
  4324 | D:5      | Ijyb changed into Ijyb the centaur
  4332 | D:5      | Killed Ijyb the centaur
  4472 | D:6      | Reached XP level 9. HP: 54/57 MP: 4/9
  4631 | D:6      | Reached skill level 8 in Axes
  4826 | D:6      | Found an opulent altar of Gozag.
  4826 | D:6      | Found a sparkling altar of Nemelex Xobeh.
  4989 | D:6      | Noticed Edmund
  5020 | D:6      | Killed Edmund
  5346 | D:7      | Got a warped hat
  5357 | D:7      | Identified the cursed +0 hat "Qobo" {Int+5 Dex+4} (You
                  | found it on level 7 of the Dungeon)
  5499 | D:7      | Noticed Joseph
  5526 | D:7      | Killed Joseph
  5526 | D:7      | Reached skill level 9 in Axes
  5615 | D:6      | Reached XP level 10. HP: 51/64 MP: 8/10
  5653 | D:6      | Reached ***** piety under Trog
  5786 | D:7      | Noticed Duvessa
  5787 | D:7      | Noticed Dowan
  5806 | D:7      | Killed Duvessa
  5818 | D:7      | Killed Dowan
  6057 | D:8      | Noticed Erica
  6352 | D:7      | Killed Erica
  6352 | D:7      | Reached skill level 10 in Axes
  6612 | D:8      | Found Butadeasm's Book Boutique.
  6665 | D:8      | Noticed a kobold demonologist
  6678 | D:8      | Killed a kobold demonologist
  6684 | D:8      | Received a gift from Trog
  6694 | D:8      | Got a faintly glowing broad axe {god gift}
  6695 | D:8      | Identified the +0 broad axe of Moral Flaws {freeze, rF+
                  | Stlth+} (Trog gifted it to you on level 8 of the Dungeon)
  6810 | D:8      | Reached XP level 11. HP: 60/71 MP: 8/11
  6977 | D:8      | Found a shadowy altar of Dithmenos.
  6978 | D:8      | Found a hide-covered altar of Uskayaw.
  6979 | D:8      | Found a radiant altar of Vehumet.
  6979 | D:8      | Found an iron altar of Okawaru.
  6982 | D:8      | Noticed Gastronok
  7004 | D:8      | Killed Gastronok
  7004 | D:8      | Reached skill level 10 in Fighting
  7004 | D:8      | Reached skill level 11 in Axes
  7243 | D:9      | Identified a scroll of acquirement
  7244 | D:9      | Got a spiked buckler
  7294 | D:9      | Found a staircase to the Orcish Mines.
  7397 | D:10     | Entered Level 10 of the Dungeon
  7419 | D:10     | Noticed an orc high priest
  7447 | D:10     | Found a transporter.
  7452 | D:10     | Found a transporter.
  7506 | D:10     | Noticed a fire crab
  7506 | D:10     | Noticed a fire crab
  7604 | D:10     | Reached skill level 10 in Armour
  7657 | D:10     | Found the +0 pair of fencer's gloves {Riposte Dex+3}
  7675 | D:10     | Identified Yskuckuig's Witchery for Beginners
  7694 | D:10     | Noticed an unseen horror
  7708 | D:10     | Killed an unseen horror
  8188 | D:11     | Reached skill level 12 in Axes
  8225 | D:11     | Found a staircase to the Lair.
  8311 | D:11     | Reached XP level 12. HP: 56/79 MP: 8/12
  8449 | D:11     | Found Misk's Weapon Shoppe.
  8480 | D:11     | Noticed Snorg
  8496 | D:11     | HP: 6/120 [Snorg (15)]
  8496 | D:11     | Mangled by Snorg

Skill      XL: |  1  2  3  4  5  6  7  8  9 10 11 12 |
---------------+-------------------------------------+-----
Axes           | 3 4 5 6 7 9 10 12 | 12.5
Armour         | 3 4 5 6 7 9 10 | 10.7
Fighting       | 4 5 7 8 9 10 11 | 11.0
Dodging        | |  1.5

Action                   |  1- 3 |  4- 6 |  7- 9 | 10-12 || total
-------------------------+-------+-------+-------+-------++-------
Melee: Hand axe          |   118 |   201 |   517 |   244 ||  1080
       Unarmed           |       |       |    19 |       ||    19
       Broad axe         |       |       |       |   290 ||   290
Invok: Berserk           |     2 |     1 |     2 |     5 ||    10
Evoke: Wand              |       |       |     7 |     9 ||    16
  Use: Scroll            |     4 |     8 |     8 |     5 ||    25
       Potion            |     1 |     1 |       |       ||     2
 Stab: Invisible         |       |     5 |       |       ||     5
  Eat: Chunk             |     1 |     9 |    10 |    14 ||    34
       Ration            |       |       |     1 |       ||     1
Armor: Plate armour      |   117 |   122 |   400 |   501 ||  1140
       Animal skin       |     1 |       |       |       ||     1
       Skin              |       |       |     3 |       ||     3
Dodge: Dodged            |    59 |    87 |   227 |   259 ||   632
       Rpst.: Broad axe  |       |       |       |    15 ||    15
